 Dungeon Sprint DCSS version 0.27-a0-216-g1fbed8a51c (webtiles) character file.

Game seed: 13495420576718651816

19742 mhtbhm the Bludgeoner (level 13, -3/120 HPs)
             Began as a Human Berserker on Feb 1, 2021.
             Was the Champion of Trog.
             Killed by divine providence
             ... invoked by a daeva
              (16 damage)
             ... in the Dungeon (Sprint I: "Red Sonja").
             The game lasted 00:09:50 (4349 turns).

mhtbhm the Bludgeoner (Human Berserker)             Turns: 4349, Time: 00:09:51

Health: -3/120     AC: 21    Str: 20 (21) XL:     13   Next: 7%
Magic:  13/13      EV: 19    Int: 13 (14) God:    Trog [******]
Gold:   1346       SH:  0    Dex: 20      Spells: 12/12 levels left

rFire    + . .     SeeInvis .   a - +3 dire flail
rCold    . . .     Faith    .   (shield currently unavailable)
rNeg     . . .     Spirit   .   b - +4 chain mail {rPois}
rPois    +         Reflect  .   (helmet restricted)
rElec    +         Harm     .   l - +1 cloak of Starlight {*Dazzle EV+4 Stlth--}
rCorr    .         Rampage  .   m - +0 pair of gloves {Dex+3}
Will     +....     NoTele   +   (no boots)
Stlth    ..........             (no amulet)
HPRegen  0.00/turn              n - ring of protection from fire
MPRegen  0.13/turn              p - ring "Fagyleskurgh" {rElec Will+ Int+6 Dex+3}

@: berserk cooldown, slowed, glowing, very slow
A: horns 1, deterioration 2, inhibited regeneration, subdued magic 1
a: Renounce Religion, Berserk, Trog's Hand, Brothers in Arms


You were in the Dungeon.
You worshipped Trog.
Trog was exalted by your worship.
You visited 1 branch You collected 4459 gold pieces.
You spent 3113 gold pieces at shops.

Inventory:

Hand Weapons
 a - a +3 dire flail (weapon)
 s - the +1 whip "Cyll" {flame, rC+}
   (You bought it in a shop in the Dungeon)

   It has been specially enchanted to burn those struck by it, causing extra
   injury to most foes and up to half again as much damage against particularly
   susceptible opponents.
   It protects you from cold.
Missiles
 i - 9 curare-tipped darts
Armour
 b - a +4 chain mail of poison resistance (worn)
 l - the +1 cloak of Starlight (worn) {*Dazzle EV+4 Stlth--}
   (You bought it in a shop in the Dungeon)

   It affects your evasion (+4).
   It makes you much less stealthy.
 m - a +0 pair of gloves of dexterity (worn)
 q - a scarf of resistance
Jewellery
 n - a ring of protection from fire (left hand)
 p - the ring "Fagyleskurgh" (right hand) {rElec Will+ Int+6 Dex+3}
   (You bought it in a shop in the Dungeon)

   [ring of intelligence]

   It affects your intelligence (+6).
   It affects your dexterity (+3).
   It insulates you from electricity.
   It affects your willpower, your defense against some magical effects.
Wands
 j - a wand of flame (24)
 k - a wand of paralysis (9)
 t - a wand of digging (3)
Scrolls
 h - 5 scrolls of blinking
Potions
 c - 5 potions of curing
 d - 3 potions of heal wounds
 e - a potion of haste
 f - 3 potions of magic
 g - a potion of berserk rage
 r - a potion of flight
Miscellaneous
 o - a condenser vane


   Skills:
 + Level 17.0 Fighting
 + Level 17.5 Maces & Flails
 + Level 14.5 Armour
 + Level 10.3 Dodging
 + Level 11.2 Stealth
 + Level 0.9 Evocations


You had 12 spell levels left.
You didn't know any spells.
Your spell library was empty.

Dungeon Overview and Level Annotations

Branches:
Dungeon (1/1)

Altars:
Cheibriados
Dithmenos
Elyvilon
Fedhas
Gozag
Hepliaklqana
Kikubaaqudgha
Makhleb
Nemelex Xobeh
Okawaru
Qazlal
Ru
Sif Muna
Trog
Uskayaw
Vehumet
Wu Jian
Xom
Yredelemnul
Zin
The Shining One
Jiyva
Lugonu

Shops:
D ?=***}!([*?[=[**=!?[[=


Innate Abilities, Weirdness & Mutations

You have a pair of small horns on your head.
Your body often deteriorates upon taking damage.
You do not regenerate when monsters are visible.
Your spells are a little easier to cast, but a little less powerful.


Message History

You feel yourself slow down.
The daeva calls down the wrath of the Shining One upon you.
The Shining One smites you!
* * * LOW HITPOINT WARNING * * *
Your body deteriorates!
You feel weakened.
You hit the daeva but do no damage.
The daeva is almost dead.
The daeva is no longer blind.
The daeva calls down the wrath of the Shining One upon you.
The Shining One smites you!
* * * LOW HITPOINT WARNING * * *
You sock the daeva!
The daeva is almost dead.
The daeva hits you but does no damage. x2
The daeva blocks your attack.
You headbutt the daeva, but do no damage.
The daeva is almost dead.
The daeva calls down the wrath of the Shining One upon you.
The Shining One smites you!
You die...

#############################****
..#[(#.§..§§§§..§'.§#^§'§§§§#,,,,
..##'#.####.§§§.##.§'^§#.§§§##,,,
.)§§.#.#.###§§§#######+#§.§..####
###§§'.#'#.#)#§#,$?##,,#§§.§.#...
.##§####^..#§#§##$$$#,,##§§..#.∩.
.#..)^.#...#§#§.###$#,,≈###§##..§
.#.....+.....##.@A.$#,,≈,,#[####'
'###.°^#^...§#..###$#,,≈,##§#.^§.
.'.#°..###++##.##..$#,,≈##.^.^...
##§#..###..###.,*+###,,≈#§^^..§§§
##§#..####..###,,,*,≈,,##§...^§..
##.##'#..#..#.###,*,≈,,#§.§.§.:§.
##§##(#.○..○°...#,***,,#§§...}.§.
.'§####.°.......#,*,+,,##§^^§....
##.#.('......####+*,**'*#.......§


You could see a daeva.

Vanquished Creatures
  A golden dragon (D)
  A shadow dragon (D)
  A lorocyproca (D)
  A hydra (D)
  2 centaur warriors (D)
  Sonja (D)
  6 unseen horrors (D)
  A deep troll (D)
  A lindwurm (D)
  An oklob plant (D)
  A shining eye (D)
  A gargoyle (D)
  4 demonic crawlers (D)
  2 kobold demonologists (D)
  A meliai (D)
  A hornet (D)
  A slime creature (D)
  Sigmund (D)
  2 redbacks (D)
  A yak (D)
  13 hogs (D)
  3 floating eyes (D)
  7 necrophages (D)
  An ogre (D)
  8 jellies (D)
  Ijyb (D)
64 creatures vanquished.

Vanquished Creatures (collateral kills)
  7 shining eyes (D)
  4 floating eyes (D)
11 creatures vanquished.

Vanquished Creatures (others)
  A hornet (D)
  2 ballistomycete spores (D)
3 creatures vanquished.

Grand Total: 78 creatures vanquished

Notes
Turn   | Place    | Note
-------+----------+-------------------------------------------
     0 | D        | mhtbhm the Human Berserker began the quest for the Orb.
     0 | D        | Reached XP level 1. HP: 18/18 MP: 1/1
     1 | D        | Noticed Ijyb
    12 | D        | Killed Ijyb
    13 | D        | Reached XP level 2. HP: 23/26 MP: 2/2
    13 | D        | Reached XP level 3. HP: 27/31 MP: 3/3
    42 | D        | Noticed an ogre
    48 | D        | Killed an ogre
    49 | D        | Reached XP level 4. HP: 40/40 MP: 4/4
    49 | D        | Reached XP level 5. HP: 46/46 MP: 5/5
    96 | D        | Noticed Sigmund
   104 | D        | Killed Sigmund
   104 | D        | Reached ** piety under Trog
   105 | D        | Reached XP level 6. HP: 56/56 MP: 6/6
   151 | D        | Found an ornate altar of the Wu Jian Council.
   151 | D        | Found a shimmering blue altar of Sif Muna.
   153 | D        | Found a radiant altar of Vehumet.
   271 | D        | Found Buusah's General Store.
   271 | D        | Found an ancient bone altar of Kikubaaqudgha.
   271 | D        | Found a hazy altar of Hepliaklqana.
   271 | D        | Found a stormy altar of Qazlal.
   271 | D        | Found a hide-covered altar of Uskayaw.
   271 | D        | Found a blossoming altar of Fedhas.
   271 | D        | Found a bloodstained altar of Trog.
   271 | D        | Found an iron altar of Okawaru.
   271 | D        | Found a basalt altar of Yredelemnul.
   271 | D        | Found a glowing golden altar of the Shining One.
   271 | D        | Found a snail-covered altar of Cheibriados.
   271 | D        | Found a sacrificial altar of Ru.
   271 | D        | Found a glowing silver altar of Zin.
   271 | D        | Found a shadowy altar of Dithmenos.
   271 | D        | Found a white marble altar of Elyvilon.
   271 | D        | Noticed a yak
   275 | D        | Killed a yak
   276 | D        | Reached skill level 5 in Armour
   276 | D        | Reached skill level 5 in Dodging
   276 | D        | Reached XP level 7. HP: 64/64 MP: 7/7
   276 | D        | Found an opulent altar of Gozag.
   277 | D        | Found a sparkling altar of Nemelex Xobeh.
   281 | D        | Bought a scroll of identify for 26 gold pieces
   281 | D        | Bought a scroll of identify for 26 gold pieces
   340 | D        | Found a burning altar of Makhleb.
   340 | D        | Found a viscous altar of Jiyva.
   340 | D        | Found a shimmering altar of Xom.
   340 | D        | Found a corrupted altar of Lugonu.
   340 | D        | Noticed a slime creature
   347 | D        | Killed a slime creature
   347 | D        | Reached *** piety under Trog
   348 | D        | Reached skill level 10 in Maces & Flails
   385 | D        | Noticed a kobold demonologist
   386 | D        | Noticed a kobold demonologist
   389 | D        | Reached skill level 10 in Fighting
   389 | D        | Reached XP level 8. HP: 72/72 MP: 8/8
   394 | D        | Killed a kobold demonologist
   395 | D        | Reached skill level 1 in Stealth
   403 | D        | Killed a kobold demonologist
   403 | D        | Reached **** piety under Trog
   458 | D        | Noticed Sonja
   470 | D        | Killed Sonja
   471 | D        | Reached XP level 9. HP: 82/82 MP: 9/9
   577 | D        | Found Raggess's Magic Scroll Boutique.
   585 | D        | Bought a scroll of blinking for 97 gold pieces
   585 | D        | Bought a scroll of blinking for 97 gold pieces
   665 | D        | Noticed a deep troll
   677 | D        | Killed a deep troll
   687 | D        | Found Riapyig's Armour Emporium.
   740 | D        | Bought the +1 cloak of Starlight {*Dazzle EV+4 Stlth--} for
                  | 366 gold pieces
   740 | D        | Found the +1 cloak of Starlight {*Dazzle EV+4 Stlth--}
   873 | D        | Noticed a centaur warrior
   874 | D        | Noticed a centaur warrior
   886 | D        | Killed a centaur warrior
   887 | D        | Reached XP level 10. HP: 26/91 MP: 10/10
   892 | D        | Killed a centaur warrior
   892 | D        | Reached ***** piety under Trog
   893 | D        | Reached skill level 10 in Armour
  1164 | D        | Paralysed by a hornet for 2 turns
  1171 | D        | Paralysed by a hornet for 2 turns
  1543 | D        | Noticed an oklob plant
  1556 | D        | Killed an oklob plant
  1708 | D        | Received a gift from Trog
  1926 | D        | Killed an unseen horror
  1930 | D        | Killed an unseen horror
  1931 | D        | Reached skill level 15 in Maces & Flails
  1931 | D        | Reached XP level 11. HP: 99/99 MP: 11/11
  2105 | D        | Received a gift from Trog
  2177 | D        | Reached ****** piety under Trog
  2190 | D        | Identified a scroll of acquirement
  2190 | D        | Acquired 805 gold pieces
  2205 | D        | Found Fuuzoe's Antique Weapon Shoppe.
  2205 | D        | Found Agiojeug's Distillery.
  2205 | D        | Found Xarymun's Antique Armour Boutique.
  2207 | D        | Found Kyubuura's Assorted Antiques.
  2207 | D        | Found Roh Kaafu's Magic Scroll Shop.
  2207 | D        | Found Upubobbo's Antique Armour Shoppe.
  2207 | D        | Found Plog's Jewellery Boutique.
  2207 | D        | Found Nacuarr's Antique Armour Emporium.
  2207 | D        | Found Sivioh's Assorted Antiques.
  2207 | D        | Found Icvedu's Assorted Antiques.
  2211 | D        | Bought a pair of glowing gloves for 180 gold pieces
  2211 | D        | Found Penwakh's Jewellery Boutique.
  2212 | D        | Found Hoxaulie's Magic Scroll Emporium.
  2212 | D        | Found Sovviapn's Distillery.
  2213 | D        | Bought a scroll of remove curse for 42 gold pieces
  2213 | D        | Bought a scroll of blinking for 105 gold pieces
  2213 | D        | Bought a scroll of enchant armour for 105 gold pieces
  2213 | D        | Found Ditesoca's Armour Emporium.
  2355 | D        | Received a gift from Trog
  2363 | D        | Reached skill level 5 in Stealth
  2514 | D        | Noticed a lindwurm
  2520 | D        | Killed a lindwurm
  2577 | D        | Received a gift from Trog
  2584 | D        | Reached skill level 15 in Fighting
  2596 | D        | Received a gift from Trog
  2724 | D        | Noticed a 12-headed hydra
  2725 | D        | Paralysed by a floating eye for 3 turns
  2733 | D        | Killed a 12-headed hydra
  3107 | D        | Got a scorched quick blade {god gift}
  3108 | D        | Identified the +10 quick blade of the Iron City of Dis
                  | {vorpal, *Contam rElec Dex+9} (Trog gifted it to you in the
                  | Dungeon)
  3115 | D        | Gained mutation: You have a pair of small horns on your
                  | head. [mutagenic glow]
  3272 | D        | Noticed a shining eye
  3272 | D        | Noticed a shining eye
  3272 | D        | Noticed a shining eye
  3272 | D        | Noticed a shining eye
  3272 | D        | Noticed a shining eye
  3272 | D        | Noticed a shining eye
  3273 | D        | Killed a shining eye
  3274 | D        | Reached XP level 12. HP: 110/110 MP: 12/12
  3274 | D        | Received a gift from Trog
  3274 | D        | Gained mutation: Your spells are a little easier to cast,
                  | but a little less powerful. [a shining eye]
  3276 | D        | Gained mutation: Your body sometimes deteriorates upon
                  | taking damage. [a shining eye]
  3277 | D        | Gained mutation: You do not regenerate when monsters are
                  | visible. [a shining eye]
  3278 | D        | Gained mutation: Your body often deteriorates upon taking
                  | damage. [a shining eye]
  3278 | D        | Paralysed by a floating eye for 3 turns
  3283 | D        | Received a gift from Trog
  3289 | D        | Found Tiriase's General Store.
  3289 | D        | Found Dasezx Jamu's Jewellery Shoppe.
  3289 | D        | Found Vuijunno's Gadget Boutique.
  3289 | D        | Found Veyps's General Store.
  3296 | D        | Bought an uncursed ring of protection from fire for 250
                  | gold pieces
  3310 | D        | Bought a condenser vane for 400 gold pieces
  3444 | D        | Noticed a shadow dragon
  3444 | D        | Noticed a golden dragon
  3460 | D        | Killed a golden dragon
  3471 | D        | Killed a shadow dragon
  3472 | D        | Reached skill level 10 in Dodging
  3472 | D        | Reached skill level 10 in Stealth
  3539 | D        | Found Pudwuy's Jewellery Shoppe.
  3561 | D        | Bought the ring "Fagyleskurgh" {rElec Will+ Int+6 Dex+3}
                  | for 928 gold pieces
  3661 | D        | Bought a potion of flight for 42 gold pieces
  3664 | D        | Bought a transparent whip for 210 gold pieces
  3664 | D        | Identified the cursed +1 whip "Cyll" {flame, rC+} (You
                  | bought it in a shop in the Dungeon)
  3673 | D        | Bought a scroll of remove curse for 39 gold pieces
  3740 | D        | Bought a wand of digging (6) for 200 gold pieces
  3851 | D        | Killed a lorocyproca
  4256 | D        | Noticed a daeva
  4259 | D        | Noticed an unseen horror
  4259 | D        | Noticed an unseen horror
  4260 | D        | Noticed an unseen horror
  4264 | D        | Killed an unseen horror
  4266 | D        | Killed an unseen horror
  4270 | D        | Killed an unseen horror
  4271 | D        | Reached XP level 13. HP: 108/119 MP: 13/13
  4349 | D        | Killed from afar by a daeva

Illustrated notes

Levels and vault maps discovered:
D:        dungeon_sprint_1 [red_sonja_temple_1, red_sonja_temple_small_1]

Skill      XL: |  1  2  3  4  5  6  7  8  9 10 11 12 13 |
---------------+----------------------------------------+-----
Fighting       | 4 6 7 9 10 11 12 13 15 16 17 | 17.0
Maces & Flails | 4 6 8 9 10 12 13 15 16 17 | 17.5
Armour         | 3 4 5 6 7 9 11 12 14 | 14.5
Dodging        | 3 4 5 6 7 8 9 10 | 10.3
Stealth        | 1 4 7 11 | 11.2
Evocations     | |  0.9

Action                   |  1- 3 |  4- 6 |  7- 9 | 10-12 | 13-15 || total
-------------------------+-------+-------+-------+-------+-------++-------
Melee: Mace              |    14 |    12 |    50 |    41 |       ||   117
       Great mace        |       |       |       |    21 |       ||    21
       Dire flail        |       |       |       |   169 |    32 ||   201
       Headbutt          |       |       |       |    14 |     7 ||    21
Invok: Berserk           |     2 |     2 |     5 |    11 |     1 ||    21
       Brothers in Arms  |       |       |       |     3 |       ||     3
Evoke: Wand              |       |       |       |     2 |     1 ||     3
  Use: Scroll            |       |       |     2 |     6 |       ||     8
 Stab: Invisible         |       |       |       |    14 |     2 ||    16
Armor: Animal skin       |     1 |       |       |       |       ||     1
       Chain mail        |       |     4 |    31 |    69 |     5 ||   109
       Scale mail        |       |       |     2 |    16 |       ||    18
Dodge: Dodged            |     4 |     3 |    25 |   153 |     9 ||   194

Table legend: (Time is in decaauts)
 A = Elapsed time spent in this place.
 B = Non-inter-level travel time spent in this place.
 C = Inter-level travel time spent in this place.
 D = Time resting spent in this place.
 E = Time spent auto-exploring this place.
 F = Levels seen in this place.
 G = Mean time per level.
                   A        B        C        D        E       F      G
               +--------+--------+--------+--------+--------+-----+--------+
         Total |   4399 |   4272 |    127 |   2711 |      1 |   1 | 4399.0 |
       Dungeon |   4399 |   4272 |    127 |   2711 |      1 |   1 | 4399.0 |
               +--------+--------+--------+--------+--------+-----+--------+

Top non-repeatable levels by time:
       D: 4399 daAuts
